Map: Polka LE

Players

Guwbu

  • Race: Terran Terran
  • League: Diamond
  • Spawn Location: 5:00

Patrykos

  • Race: Protoss Protoss
  • Spawn Location: 5:00

Massa

  • Race: Terran Terran
  • League: Platinum
  • Spawn Location: 11:00

qqq

  • Race: Zerg Zerg
  • Spawn Location: 11:00

VOD

Have the link to the VOD?

Description

Time

  • Played on: March 9, 2021, 3:37 p.m.
  • Length: 20:35
Show
View Real Time Build Order
Export as new Build Order

Guwbu Terran 

Build Orders:  

Get SALT Encoding   

  12  0:02  SCV  
  13  0:17  SCV  
  14  0:29  SCV  
  14  0:32  Supply Depot  
  15  0:52  Refinery  
  15  0:54  SCV  
  15  0:56  Barracks  
  16  1:06  SCV  
  17  1:18  SCV  
  18  1:30  SCV  
  19  1:42  SCV  
  19  1:45  Supply Depot  
  19  1:46  Reaper  
  21  1:51  Refinery  
  21  1:54  SCV  
  22  2:06  SCV, Command Center  
  23  2:18  SCV  
  23  2:21  Marine  
  25  2:23  Supply Depot  
  25  2:26  Factory  
  25  2:31  SCV  
  26  2:44  Marine  
  27  3:02  Reaper  
  27  3:07  Orbital Command  
  27  3:12  Factory Tech Lab  
  27  3:16  Starport  
  27  3:18  Orbital Command  
  27  3:20  Refinery  
  27  3:33  Siege Tank  
  30  3:47  SCV x2  
  32  3:56  Starport Tech Lab  
  32  3:59  SCV x2, Marine  
  35  4:06  Fusion Core  
  35  4:10  Widow Mine  
  35  4:11  SCV  
  38  4:17  Marine  
  38  4:26  SCV  
  38  4:27  SCV  
  40  4:32  Refinery  
  40  4:35  Marine  
  40  4:37  Supply Depot  
  41  4:39  SCV x2, Supply Depot  
  43  4:51  SCV x2  
  45  4:54  Battlecruiser  
  51  5:02  Supply Depot  
  51  5:05  SCV, Armory  
  51  5:06  Starport  
  52  5:10  Marine  
  53  5:14  Siege Tank  
  56  5:32  Marine  
  57  5:40  SCV x2  
  59  5:49  Starport, Starport Tech Lab  
  59  5:52  SCV  
  59  5:57  Armory  
  59  5:59  Weapon Refit  
  59  6:01  Terran Ship Weapons Level 1  
  52  6:28  Marine  
  53  6:34  SCV x2  
  53  6:39  Refinery  
  55  6:46  SCV  
  54  7:06  Marine, Battlecruiser  
  54  7:13  Siege Tank  
  56  7:19  Terran Vehicle And Ship Armor Level 1  
  56  7:24  Marine, Supply Depot  
  56  7:28  Starport  
  57  7:41  Marine  
  57  7:43  Starport Tech Lab  
  58  7:48  SCV x2, Supply Depot  
  58  7:49  Battlecruiser  
  66  7:58  Supply Depot  
  66  7:59  Marine, Supply Depot  
  66  8:00  SCV  
  66  8:01  Supply Depot  
  68  8:11  SCV  
  68  8:12  SCV  
  70  8:14  Starport Tech Lab  
  70  8:17  Marine  
  71  8:22  Supply Depot  
  71  8:24  Supply Depot  
  71  8:26  Supply Depot  
  71  8:35  Marine  
  68  8:49  Barracks  
  68  8:50  Battlecruiser x2  
  68  8:53  Marine  
  73  9:10  Marine  
  73  9:16  Battlecruiser x2  
  86  9:23  Barracks  
  86  9:28  Barracks, Marine  
  86  9:30  SCV x2  
  89  9:46  Marine  
  87  9:56  Battlecruiser  
  80  10:04  Marine  
  74  10:15  Barracks  
  74  10:16  Marine  
  74  10:17  Marine x2  
  74  10:19  Siege Tank  
  80  10:22  Marine  
  81  10:39  Marine  
  82  10:46  Marine x3  
  82  10:48  Viking x2  
  82  10:49  Viking  
  91  10:57  Marine  
  91  11:00  Viking  
  91  11:01  Command Center  
  91  11:04  Marine x3  
  94  11:09  Marine  
  98  11:11  Siege Tank  
  98  11:13  Terran Ship Weapons Level 2  
  98  11:15  Terran Vehicle And Ship Armor Level 2, Marine  
  102  11:19  Supply Depot  
  102  11:22  Marine x3  
  87  12:09  Battlecruiser  
  87  12:13  Barracks Tech Lab  
  87  12:14  Barracks Tech Lab  
  87  12:15  Barracks Reactor  
  95  12:16  Barracks Reactor  
  95  12:17  Barracks Reactor  
  93  12:23  Siege Tank  
  96  12:37  SCV  
  96  12:38  SCV  
  98  12:47  Supply Depot  
  98  12:50  SCV x2, Viking x3  
  106  12:54  SCV  
  106  12:55  Marine x5  
  106  12:56  Marine x3  
  106  12:58  Combat Shield  
  115  13:00  Stimpack  
  115  13:02  SCV x2  
  117  13:06  SCV  
  117  13:09  Supply Depot  
  110  13:13  Marine x4  
  110  13:14  SCV x2  
  110  13:18  SCV  
  109  13:27  Battlecruiser  
  115  13:37  Marine  
  115  13:38  Marine x6  
  115  13:39  Marine  
  123  13:42  Orbital Command  
  123  13:43  Refinery  
  123  13:44  Refinery  
  123  13:55  Marine x2  
  125  14:07  Command Center  
  121  14:13  Battlecruiser x2  
  121  14:14  Marine x3  
  121  14:15  Marine x4  
  134  14:20  SCV x3  
  137  14:39  Marine x2, Battlecruiser  
  137  14:40  Marine  
  146  14:51  Command Center  
  146  14:55  Battlecruiser  
  157  15:42  Battlecruiser  
  157  15:43  Battlecruiser  
  157  15:44  Marine x3  
  157  15:45  Marine x5  
  166  16:02  Marine  
  160  16:14  Marine x7  
  165  16:20  Marine  
  165  16:23  Medivac  
  165  16:24  Medivac  
  170  16:31  Marine  
  170  16:32  Marine  
  172  16:42  Refinery x2  
  172  16:46  Medivac  
  174  16:47  Engineering Bay x2  
  174  17:10  Battlecruiser x2  
  128  17:45  Marine x2, Battlecruiser x2  
  128  17:46  Marine x5  
  134  18:05  Marine x2  
  129  18:14  Battlecruiser  
  123  18:34  Marine x4  
  126  18:50  Marine x4, Battlecruiser x3  
  126  18:52  Marine x2  
  150  19:09  Marine x3  
  153  19:19  Marine  
  153  19:20  Marine x4  
  157  19:29  SCV x2  
  159  19:36  Marine x2  
  161  19:47  Marine  
  161  19:48  Marine x2  
  164  20:00  Marine x5  
  164  20:05  Marine  
  170  20:07  Command Center  
Show
View Real Time Build Order
Export as new Build Order

Patrykos Protoss 

Build Orders: Dark Templar Rush 

Get SALT Encoding   

  12  0:00  Probe  
  13  0:12  Probe  
  14  0:20  Pylon  
  14  0:24  Probe  
  15  0:38  Probe  
  15  0:39  Gateway  
  16  0:50  Probe (Chrono Boost)  
  16  0:53  Assimilator  
  17  1:01  Probe (Chrono Boost)  
  18  1:05  Probe (Chrono Boost)  
  19  1:16  Probe  
  20  1:26  Cybernetics Core  
  20  1:28  Probe  
  21  1:40  Probe  
  21  1:41  Pylon, Assimilator  
  22  1:48  Assimilator  
  22  1:52  Probe  
  23  2:05  Probe  
  23  2:08  Robotics Facility  
  24  2:17  Probe  
  25  2:31  Twilight Council  
  25  2:39  Gateway  
  25  2:40  Gateway  
  25  2:46  Gateway  
  25  2:52  Warp Prism (Chrono Boost)  
  27  2:58  Pylon  
  27  3:09  Stalker  
  29  3:15  Dark Shrine  
  29  3:32  Warp Gate (Chrono Boost)  
  29  3:35  Nexus  
  29  3:47  Assimilator  
  29  3:56  Probe  
  30  4:09  Probe  
  31  4:11  Pylon  
  31  4:21  Probe  
  32  4:33  Probe  
  36  4:47  Probe (Chrono Boost)  
  36  4:51  Probe (Chrono Boost)  
  36  5:00  Dark Templar x3  
  36  5:01  Probe (Chrono Boost)  
  36  5:02  Probe (Chrono Boost)  
  36  5:03  Dark Templar  
  36  5:06  Probe (Chrono Boost)  
  45  5:09  Probe  
  47  5:18  Probe  
  48  5:21  Probe  
  49  5:30  Probe  
  49  5:33  Probe  
  51  5:42  Probe  
  48  5:45  Probe  
  47  5:54  Probe  
  48  5:57  Probe  
  48  5:59  Dark Templar  
  48  6:00  Dark Templar x3  
  51  6:27  Charge (Chrono Boost)  
  47  6:34  Probe (Chrono Boost)  
  47  6:37  Assimilator  
  48  6:40  Pylon  
  48  6:41  Pylon  
  48  6:44  Probe (Chrono Boost)  
  48  6:46  Dark Templar x2  
  53  6:49  Probe (Chrono Boost)  
  54  7:00  Probe  
  55  7:08  Dark Templar x2  
  57  7:30  Zealot x2  
  61  7:40  Forge  
  61  7:41  Forge  
  61  7:43  Pylon  
  59  7:44  Pylon  
  51  7:57  Nexus  
  51  7:59  Pylon  
  51  8:01  Observer, Pylon  
  52  8:06  Gateway  
  52  8:07  Gateway  
  52  8:08  Gateway  
  52  8:12  Pylon  
  52  8:16  Gateway  
  52  8:23  Observer, Photon Cannon  
  52  8:25  Photon Cannon, Gateway  
  52  8:26  Gateway  
  53  8:27  Photon Cannon  
  53  8:29  Gateway  
  53  8:35  Pylon  
  53  8:36  Protoss Ground Weapons Level 1 (Chrono Boost)  
  53  8:37  Protoss Ground Armor Level 1 (Chrono Boost)  
  53  8:51  Zealot x4  
  61  9:03  Zealot x3  
  61  9:09  Pylon  
  67  9:12  Zealot  
  67  9:13  Zealot x4  
  75  9:29  Stalker x2  
  75  9:30  Stalker  
  81  9:34  Zealot x2  
  81  9:35  Zealot x3  
  75  10:01  Stalker x5  
  75  10:02  Stalker x3  
  75  10:04  Blink (Chrono Boost)  
  73  10:29  Probe (Chrono Boost)  
  73  10:33  Probe (Chrono Boost)  
  65  10:39  Probe (Chrono Boost)  
  65  10:41  Probe (Chrono Boost), Stalker x4  
  65  10:42  Stalker x3  
  81  10:45  Probe (Chrono Boost)  
  81  10:46  Probe (Chrono Boost), Protoss Ground Weapons Level 2 (Chrono Boost)  
  81  10:55  Probe  
  78  10:57  Assimilator  
  78  10:58  Probe  
  78  10:59  Assimilator  
  78  11:03  Shield Battery  
  75  11:07  Probe (Chrono Boost)  
  71  11:13  Probe (Chrono Boost)  
  72  11:19  Probe (Chrono Boost)  
  72  11:22  Nexus  
  72  11:24  Pylon  
  73  11:26  Probe x2 (Chrono Boost), Protoss Ground Armor Level 2 (Chrono Boost)  
  74  11:33  Probe  
  74  11:34  Probe  
  76  11:46  Probe  
  77  11:55  Templar Archives  
  77  11:57  Warp Prism  
  77  11:58  Probe  
  80  12:01  Zealot x4  
  80  12:02  Zealot x4  
  96  12:10  Probe  
  96  12:18  Pylon x2  
  96  12:20  Pylon  
  96  12:22  Probe  
  97  12:24  Dark Templar  
  97  12:25  Dark Templar  
  97  12:26  Dark Templar x4  
  97  12:29  Archon  
  109  12:30  Archon x2  
  109  12:34  Probe (Chrono Boost)  
  110  12:38  Psionic Storm  
  110  12:44  Probe (Chrono Boost)  
  111  12:49  Probe (Chrono Boost)  
  112  12:53  High Templar  
  112  12:54  High Templar  
  112  12:58  High Templar x2  
  118  13:00  Probe  
  118  13:05  Archon x2  
  109  13:12  Probe  
  90  13:13  Stalker x2  
  90  13:14  Stalker x2  
  76  13:27  Zealot x2  
  76  13:33  High Templar x2  
  84  13:43  Gateway  
  84  13:44  Gateway  
  84  13:45  Assimilator  
  84  13:47  Gateway  
  84  13:48  Gateway  
  84  13:53  Assimilator  
  84  13:57  Photon Cannon  
  84  13:59  Photon Cannon  
  84  14:00  Photon Cannon, High Templar x2, Zealot x2  
  84  14:01  Zealot x2  
  96  14:05  Protoss Ground Weapons Level 3 (Chrono Boost)  
  96  14:06  Protoss Ground Armor Level 3 (Chrono Boost)  
  96  14:14  Probe (Chrono Boost)  
  97  14:21  Stalker x3  
  97  14:22  Stalker  
  97  14:23  Probe (Chrono Boost)  
  106  14:28  Probe (Chrono Boost)  
  107  14:33  Shield Battery  
  107  14:40  Probe (Chrono Boost)  
  108  14:48  Probe (Chrono Boost)  
  109  14:54  Probe  
  110  15:01  Nexus  
  110  15:04  Pylon  
  110  15:06  Probe, Pylon, Zealot x2  
  110  15:07  Zealot x6  
  121  15:28  Stalker x4  
  111  15:29  Stalker x6  
  111  15:30  Stalker x2  
  133  15:41  Observer (Chrono Boost)  
  134  15:53  Zealot x4  
  134  15:54  Observer (Chrono Boost), Zealot x7  
  134  15:55  Zealot  
  159  16:08  Photon Cannon  
  159  16:10  Photon Cannon  
  159  16:12  Photon Cannon  
  158  16:38  High Templar x2  
  158  16:39  High Templar  
  164  16:40  High Templar, Zealot x3  
  164  16:41  Zealot x4  
  164  16:42  Zealot  
  148  16:59  Archon x2  
  114  17:16  Dark Templar  
  114  17:17  Dark Templar x3  
  114  17:18  Dark Templar x2  
  114  17:19  Dark Templar x5  
  114  17:20  Dark Templar  
  114  17:21  Archon  
  114  17:22  Archon x2  
  138  17:23  Archon x3  
  138  17:33  Nexus  
  138  18:12  Pylon  
  138  18:13  Pylon  
  138  18:18  Stalker x2  
  138  18:19  Stalker x5  
  152  18:20  Stalker x5  
  162  18:42  Zealot x5  
  162  18:43  Zealot x5  
  182  18:52  Dark Templar  
  182  18:53  Dark Templar  
  161  19:06  Probe (Chrono Boost)  
  154  19:16  Probe (Chrono Boost)  
  156  19:19  Probe (Chrono Boost)  
  157  19:25  Probe (Chrono Boost)  
  157  19:27  Probe (Chrono Boost)  
  159  19:31  Probe (Chrono Boost)  
  159  19:33  Probe (Chrono Boost)  
  160  19:42  Probe (Chrono Boost)  
  160  19:43  Probe (Chrono Boost)  
  162  19:50  Probe (Chrono Boost)  
  162  19:52  Probe (Chrono Boost)  
  164  19:57  Probe  
  155  20:09  Probe  
  152  20:22  Probe (Chrono Boost)  
  152  20:25  Probe (Chrono Boost)  
Show
View Real Time Build Order
Export as new Build Order

Massa Terran 

Build Orders: Reaper Expand 

Get SALT Encoding   

  12  0:00  SCV  
  13  0:12  SCV  
  14  0:23  Supply Depot  
  14  0:24  SCV  
  15  0:45  SCV  
  15  0:48  Barracks  
  16  0:51  Refinery  
  16  0:57  SCV  
  17  1:09  SCV  
  18  1:21  SCV  
  19  1:36  Orbital Command  
  19  1:44  Command Center  
  19  1:45  Reaper  
  20  2:02  SCV  
  21  2:09  Supply Depot  
  21  2:13  Factory  
  21  2:17  Marine  
  21  2:18  SCV  
  23  2:45  Command Center  
  22  3:04  Hellion  
  25  3:12  SCV  
  25  3:14  Orbital Command  
  25  3:15  Barracks Reactor  
  25  3:24  SCV  
  25  3:26  Engineering Bay  
  26  3:28  Factory Tech Lab  
  25  3:48  SCV x2  
  27  3:50  Siege Tank  
  27  3:51  Marine  
  27  3:52  Marine  
  32  3:56  Refinery  
  32  4:00  SCV x2, Missile Turret  
  34  4:07  Supply Depot  
  34  4:09  Marine x2  
  35  4:11  Starport  
  36  4:26  Orbital Command  
  36  4:27  SCV x2  
  36  4:30  Supply Depot  
  38  4:35  Marine x2  
  40  4:39  SCV x2  
  42  4:51  SCV, Factory Tech Lab  
  43  4:53  SCV x2, Marine x2  
  43  4:57  Missile Turret  
  47  5:02  Terran Infantry Weapons Level 1  
  47  5:03  SCV  
  47  5:05  SCV  
  47  5:06  SCV  
  50  5:10  Marine x2  
  50  5:12  Refinery  
  52  5:15  SCV  
  52  5:17  Refinery, Raven  
  55  5:23  Barracks  
  55  5:28  Marine x2  
  55  5:30  Barracks  
  55  5:33  Barracks  
  51  5:46  Marine  
  48  5:53  Marine  
  48  5:54  Siege Tank  
  48  5:56  SCV x3  
  55  6:04  Marine  
  52  6:08  SCV x3  
  51  6:21  Barracks Reactor, Barracks Tech Lab  
  51  6:22  Barracks Tech Lab, Marine x2  
  35  6:40  Marine x2  
  36  6:48  Missile Turret  
  36  6:49  SCV x3, Missile Turret  
  36  6:53  Raven  
  41  6:55  Marine x2  
  41  6:56  Terran Infantry Armor Level 1, Cyclone  
  41  6:57  Marine  
  41  6:58  Marine  
  48  7:01  SCV x2  
  45  7:11  Marine x2  
  45  7:13  Marine x2  
  48  7:15  Marine  
  48  7:16  Marine  
  50  7:29  Marine  
  51  7:30  Missile Turret x2, Stimpack  
  51  7:32  Combat Shield  
  51  7:51  Medivac  
  51  7:53  Widow Mine  
  51  7:54  Marauder, Marine  
  59  8:04  SCV x2  
  59  8:05  SCV  
  61  8:13  Armory  
  61  8:19  SCV x2  
  64  8:20  SCV  
  64  8:42  Raven  
  64  8:44  Widow Mine  
  64  8:45  Marine x4  
  64  8:46  Marauder, Marine  
  75  8:51  Concussive Shells  
  75  9:05  Widow Mine  
  77  9:28  Marine  
  77  9:37  Marine  
  77  9:39  Marine  
  77  9:40  Marine  
  77  9:41  Marauder  
  76  9:47  Marauder  
  66  10:02  Marauder  
  55  10:08  Marauder  
  55  10:10  Marine x3  
  52  10:18  Marine  
  49  10:24  Marauder  
  49  10:28  Marine x3  
  48  10:29  Orbital Command  
  48  10:30  Marauder  
  52  10:38  Orbital Command  
  52  10:45  Marauder  
  54  10:51  Marauder  
  56  11:20  SCV  
  56  11:21  SCV  
  58  11:25  Marine  
  58  11:26  Marine x3  
  58  11:31  Supply Depot  
  62  11:52  SCV x2, Marine x3, Siege Tank  
  70  11:55  Supply Depot  
  66  12:04  SCV  
  67  12:11  SCV  
  67  12:14  Terran Infantry Weapons Level 2  
  68  12:17  SCV  
  68  12:21  Marine x2  
  68  12:22  Marauder x2, Marine x2  
  77  12:23  SCV  
  78  12:31  Supply Depot  
  78  12:33  Supply Depot x2  
  78  12:49  Command Center  
  78  12:53  SCV x2, Marine x4, Medivac  
  78  12:54  Marine  
  78  12:55  Marauder, Siege Tank  
  92  13:05  SCV x2  
  87  13:11  Marauder  
  71  13:27  Marauder, Marine x2  
  71  13:32  Marauder  
  72  13:47  Marine x4  
  81  13:48  Marauder, Siege Tank  
  81  13:54  Marauder  
  83  14:04  Marine  
  82  14:10  Marauder  
  82  14:20  Siege Tank  
  85  14:45  Raven  
  87  14:47  Marauder x2, Marine x2  
  87  14:48  Marine x2  
  87  14:51  Terran Infantry Weapons Level 3  
  95  14:54  Refinery, Missile Turret  
  95  14:55  Refinery, Missile Turret  
  95  15:00  SCV x2  
  95  15:05  Marine  
  98  15:09  Marauder x2, Planetary Fortress  
  98  15:12  SCV x2  
  100  15:24  SCV  
  100  15:28  Medivac  
  102  15:29  SCV  
  102  15:30  Marauder  
  105  15:36  SCV, Missile Turret  
  105  15:38  Missile Turret  
  105  15:41  SCV  
  110  15:42  Siege Tank  
  110  15:45  Marine  
  110  15:46  Refinery, Marine x4  
  110  15:48  SCV  
  116  15:51  Marine  
  117  16:07  Supply Depot  
  117  16:08  Supply Depot  
  117  16:10  Supply Depot  
  117  16:11  Supply Depot  
  117  16:12  Supply Depot  
  117  16:14  Supply Depot  
  117  16:29  SCV x3, Marine x6, Medivac  
  128  16:41  SCV x2  
  130  16:47  Marine  
  76  17:00  Marauder, Marine  
  76  17:01  Marauder, Marine x2  
  66  17:02  Siege Tank  
  66  17:03  Raven  
  72  17:10  Marine  
  72  17:11  SCV x2  
  72  17:12  SCV  
  72  17:15  Barracks  
  76  17:22  Marauder x2  
  80  17:23  SCV  
  81  17:34  Siege Tank  
  84  17:43  Marauder x2  
  88  17:46  Raven  
  90  17:53  Marine x2  
  90  17:54  Marine x2  
  94  18:05  Marauder x2  
  98  18:06  Siege Tank  
  98  18:08  Barracks Tech Lab  
  98  18:11  Marine  
  102  18:19  Barracks x2  
  102  18:26  Marauder x2  
  106  18:38  Widow Mine  
  108  18:46  Command Center  
  108  18:47  Marauder  
  93  19:11  Marauder x2, Marine  
  93  19:12  Marauder, Marine x3  
  93  19:13  Raven  
  93  19:14  Siege Tank  
  93  19:18  Barracks Tech Lab  
  93  19:19  Barracks Reactor  
  93  19:29  SCV x2  
  93  19:30  SCV  
  96  19:33  Marauder  
  98  19:41  SCV  
  98  19:42  SCV  
  100  19:46  Siege Tank  
  101  19:56  Medivac  
  84  20:14  Marauder x3, Marine x2  
  76  20:15  Marine  
Show
View Real Time Build Order
Export as new Build Order

qqq Zerg 

Build Orders: Hatch First, Swarm Host 

Get SALT Encoding   

  12  0:01  Drone  
  13  0:09  Drone  
  14  0:17  Overlord  
  14  0:45  Hatchery  
  13  0:56  Drone  
  14  0:57  Drone x2  
  16  1:04  Extractor  
  15  1:13  Spawning Pool  
  14  1:21  Drone  
  14  1:22  Drone  
  16  1:29  Drone  
  17  1:50  Drone  
  17  1:51  Drone  
  19  2:04  Queen  
  19  2:05  Drone  
  22  2:08  Overlord  
  22  2:13  Lair  
  22  2:16  Drone  
  22  2:17  Drone  
  24  2:26  Drone x2  
  26  2:39  Overlord  
  26  2:41  Drone x2  
  26  2:44  Extractor, Drone  
  28  3:02  Drone x3  
  28  3:05  Queen  
  31  3:10  Drone  
  34  3:14  Infestation Pit  
  34  3:17  Drone  
  34  3:18  Drone  
  35  3:26  Drone  
  36  3:36  Drone  
  36  3:37  Nydus Network  
  36  3:38  Drone, Overlord  
  36  3:39  Drone  
  38  3:51  Hatchery  
  37  4:00  Drone x2, Swarm Host x2  
  45  4:05  Extractor x2, Drone x3  
  46  4:10  Swarm Host  
  49  4:19  Evolution Chamber  
  49  4:20  Drone x2  
  49  4:23  Queen  
  52  4:34  Hydralisk Den  
  52  4:37  Drone  
  52  4:39  Overlord  
  52  4:40  Overlord x2  
  52  5:02  Nydus Canal  
  52  5:05  Drone x4  
  52  5:06  Swarm Host  
  52  5:07  Swarm Host x2  
  56  5:10  Hydralisk  
  67  5:15  Drone  
  67  5:16  Drone  
  67  5:17  Overlord  
  69  5:23  Queen  
  71  5:29  Queen  
  73  5:35  Overseer  
  73  5:37  Spore Crawler  
  73  5:40  Spore Crawler  
  71  5:43  Spine Crawler  
  69  6:02  Spine Crawler  
  68  6:12  Spire  
  64  6:35  Drone x2  
  64  6:36  Drone  
  64  6:39  Nydus Canal  
  67  6:40  Drone x3  
  67  6:41  Drone x2  
  67  6:44  Spore Crawler  
  71  6:49  Drone x3, Spore Crawler x2  
  71  6:50  Drone x2  
  71  6:52  Drone x4  
  78  7:09  Nydus Canal  
  78  7:22  Drone x3  
  78  7:23  Drone  
  78  7:26  Mutalisk x3  
  78  7:27  Mutalisk x2  
  85  7:40  Spire  
  83  7:53  Drone x5  
  83  7:54  Drone  
  89  7:58  Spine Crawler  
  89  8:00  Spine Crawler  
  87  8:10  Nydus Canal  
  87  8:21  Queen  
  89  8:28  Overlord  
  89  8:29  Overlord x5  
  89  8:30  Drone  
  84  8:53  Nydus Canal  
  80  8:57  Queen  
  80  8:58  Corruptor x8  
  90  9:11  Corruptor x2  
  90  9:12  Mutalisk  
  90  9:15  Drone  
  97  9:27  Spine Crawler  
  97  9:30  Mutalisk x3  
  98  9:45  Spine Crawler  
  97  9:47  Spine Crawler  
  96  9:58  Mutalisk x4  
  96  9:59  Zergling x2  
  101  10:00  Zergling x8  
  94  10:27  Spine Crawler, Spire  
  90  10:28  Spine Crawler  
  90  10:29  Spine Crawler  
  87  10:49  Zergling x10  
  91  10:50  Zergling x4  
  84  11:12  Drone x7  
  84  11:13  Drone x2  
  84  11:16  Extractor  
  84  11:17  Extractor  
  91  11:24  Hive  
  91  11:38  Drone x4  
  91  11:39  Drone x5  
  100  11:51  Drone x3  
  100  11:53  Spine Crawler  
  100  11:54  Corruptor x2  
  102  12:09  Corruptor x4  
  102  12:10  Corruptor  
  112  12:17  Drone x2  
  112  12:18  Overlord  
  114  12:31  Hatchery  
  114  12:35  Spore Crawler  
  114  12:36  Spine Crawler  
  111  12:38  Mutalisk  
  111  12:41  Drone  
  114  12:49  Zerg Flyer Armor Level 1  
  114  12:56  Metabolic Boost  
  114  12:57  Hatchery  
  80  13:31  Mutalisk x4  
  80  13:32  Zergling x4  
  80  13:33  Zergling x16  
  96  13:41  Nydus Canal  
  96  13:43  Queen  
  96  13:44  Drone x4  
  102  13:58  Corruptor x6  
  114  14:12  Corruptor  
  114  14:13  Corruptor x2  
  114  14:14  Drone x2  
  118  14:43  Zerg Flyer Weapons Level 1  
  118  14:45  Mutalisk x3  
  118  14:46  Corruptor x3  
  118  14:47  Zergling x8  
  132  14:53  Drone  
  132  14:54  Drone, Ultralisk Cavern  
  132  14:59  Spore Crawler  
  132  15:00  Spine Crawler  
  132  15:01  Spine Crawler  
  132  15:03  Spine Crawler  
  126  15:31  Zergling x12  
  126  15:32  Zergling x4  
  126  15:34  Zerg Ground Armor Level 1, Overlord  
  126  15:35  Overlord x3  
  122  16:12  Hatchery  
  117  16:18  Baneling Nest  
  117  16:24  Ultralisk  
  117  16:25  Zergling x8  
  123  16:26  Zergling x8  
  123  16:27  Ultralisk  
  134  16:38  Anabolic Synthesis  
  134  16:40  Evolution Chamber  
  134  16:45  Nydus Canal  
  131  17:08  Mutalisk x2  
  120  17:09  Zergling x4  
  120  17:10  Zergling x2, Ultralisk  
  130  17:16  Corruptor  
  130  17:21  Chitinous Plating  
  120  17:28  Zerg Melee Weapons Level 1  
  87  17:42  Overlord  
  87  17:44  Zergling x8  
  78  17:45  Ultralisk  
  76  18:07  Zergling x12  
  82  18:19  Drone x4  
  84  18:36  Hatchery  
  71  18:51  Spire  
  71  18:52  Drone x3  
  71  18:53  Drone  
  74  19:05  Drone x2  
  74  19:06  Drone x5  
  78  19:18  Nydus Canal  
  75  19:33  Nydus Canal  
  75  19:41  Drone x2  
  75  19:42  Drone, Ultralisk x2  
  90  19:55  Zergling x2  
  90  19:56  Zergling x6  
  94  20:02  Spore Crawler  
  94  20:03  Spore Crawler  
  94  20:04  Spore Crawler  
  94  20:06  Spine Crawler  
  90  20:07  Spine Crawler  
Tags
 
Add a new tag
Caveats
  • Supply blocks, unpowered buildings, or Contaminate may cause inaccurate times.
  • Supply counts are checked every 10 seconds.